MID
BELOIT SNAPPERS @ LANSING LUGNUTS
07/24/2048
 
TOP OF THE 1ST
Beloit Snappers batting - Pitching for Lansing Lugnuts : RHP Ron Kehoe
Pitching: RHP Ron Kehoe
Batting: LHB Jeremy Brammer 0-0: Called Strike
0-1: SINGLE (Groundball, 34D, EV 96.2 MPH)
Batting: RHB Don Burt 0-0: Called Strike
0-1: Ball
1-1: Foul Ball, location: 2F
1-2: Strikes out swinging
Batting: RHB Shannon Beck 0-0: Ball
1-0: Called Strike
1-1: Swinging Strike
1-2: Foul Ball, location: 2F
1-2: Strikes out swinging
Batting: LHB Chance Stever 0-0: Called Strike
Jeremy Brammer is caught stealing 2nd base 2-6
Top of the 1st over - 0 runs, 1 hit, 0 errors, 0 left on base; Beloit 0 - Lansing 0
BOTTOM OF THE 1ST
Lansing Lugnuts batting - Pitching for Beloit Snappers : RHP Felix Carranza
Pitching: RHP Felix Carranza
Batting: RHB Scott Travis 0-0: Swinging Strike
0-1: Called Strike
0-2: Ball
1-2: Strikes out swinging
Batting: LHB Timo Gomez 0-0: Ball
1-0: Swinging Strike
1-1: Foul Ball, location: 2F
1-2: Ball
2-2: Strikes out swinging
Batting: RHB John Michener 0-0: Called Strike
0-1: Ball
1-1: Ball
2-1: Ball
3-1: Ground out 4-3 (Groundball, 4, EV 87.5 MPH)
Bottom of the 1st over - 0 runs, 0 hits, 0 errors, 0 left on base; Beloit 0 - Lansing 0
TOP OF THE 2ND
Beloit Snappers batting - Pitching for Lansing Lugnuts : RHP Ron Kehoe
Batting: LHB Chance Stever 0-0: DOUBLE (Line Drive, 8LXD, EV 104.4 MPH)
Batting: RHB Emiel Schlepers 0-0: Ball
1-0: Called Strike
1-1: Ball
2-1: SINGLE (Groundball, 6MD, EV 99.4 MPH)
Chance Stever to third
Batting: RHB Jamie Jennings 0-0: Ball
1-0: Ball
2-0: Ball
Wild Pitch!
Chance Stever scores
Emiel Schlepers to second
3-0: Called Strike
3-1: Fly out, F9 (Flyball, 89S, EV 90.6 MPH)
Batting: RHB Clay Statum 0-0: Ball
1-0: Ball
2-0: Fly out, F3 (Popup, 34, EV 68.8 MPH)
Batting: RHB Josh Lykins 0-0: Ball
1-0: Ground out 6-3 (Groundball, 56, EV 86.2 MPH)
Top of the 2nd over - 1 run, 2 hits, 0 errors, 1 left on base; Beloit 1 - Lansing 0
BOTTOM OF THE 2ND
Lansing Lugnuts batting - Pitching for Beloit Snappers : RHP Felix Carranza
Batting: RHB Raul de la Cruz 0-0: Swinging Strike
0-1: Ball
1-1: Foul Ball, location: 2F
1-2: Fly out, F4 (Popup, 4S, EV 71.9 MPH)
Batting: SHB Gregg Whitecotton 0-0: Ball
1-0: Foul Ball, location: 2F
1-1: Called Strike
1-2: Ball
2-2: Foul Ball, location: 2F
2-2: Foul Ball, location: 2F
2-2: Ball
3-2: Ground out 5-3 (Groundball, 56, EV 90.0 MPH)
Batting: RHB Dylan Phillips 0-0: Ball
1-0: Foul Ball, location: 2F
1-1: Swinging Strike
1-2: Ball
2-2: Strikes out swinging
Bottom of the 2nd over - 0 runs, 0 hits, 0 errors, 0 left on base; Beloit 1 - Lansing 0
TOP OF THE 3RD
Beloit Snappers batting - Pitching for Lansing Lugnuts : RHP Ron Kehoe
Batting: SHB Mike Kirk 0-0: Ball
1-0: Foul Ball, location: 2F
1-1: Foul Ball, location: 2F
1-2: Ball
2-2: Strikes out swinging
Batting: LHB Jeremy Brammer 0-0: Ball
1-0: Foul Ball, location: 2F
1-1: Ball
2-1: Ball
3-1: Foul Ball, location: 2F
3-2: Foul Ball, location: 2F
3-2: Ground out 4-3 (Groundball, 4S, EV 90.0 MPH)
Batting: RHB Don Burt 0-0: Ball
1-0: Ball
2-0: Called Strike
2-1: Swinging Strike
2-2: Strikes out swinging
Top of the 3rd over - 0 runs, 0 hits, 0 errors, 0 left on base; Beloit 1 - Lansing 0
BOTTOM OF THE 3RD
Lansing Lugnuts batting - Pitching for Beloit Snappers : RHP Felix Carranza
Batting: RHB Jose Ontiveros 0-0: Ball
1-0: Foul Ball, location: 2F
1-1: Called Strike
1-2: Strikes out swinging
Batting: RHB Dan Muns 0-0: Called Strike
0-1: DOUBLE (Groundball, 3L, EV 98.8 MPH)
Batting: LHB Roger Escareno 0-0: Ball
1-0: Swinging Strike
1-1: Ball
2-1: Ball
3-1: Ground out 6-3 (Groundball, 6M, EV 90.0 MPH)
Dan Muns to third
Batting: RHB Scott Travis 0-0: Swinging Strike
0-1: Ball
1-1: SINGLE (Groundball, 56, EV 102.5 MPH) (infield hit)
Dan Muns scores
Batting: LHB Timo Gomez 0-0: Ball
1-0: Ball
2-0: Ball
3-0: Called Strike
3-1: Base on Balls
Scott Travis to second
Batting: RHB John Michener 0-0: Called Strike
0-1: Ball
1-1: Foul Ball, location: 2F
1-2: Strikes out swinging
Bottom of the 3rd over - 1 run, 2 hits, 0 errors, 2 left on base; Beloit 1 - Lansing 1
TOP OF THE 4TH
Beloit Snappers batting - Pitching for Lansing Lugnuts : RHP Ron Kehoe
Batting: RHB Shannon Beck 0-0: Ball
1-0: Ground out 6-3 (Groundball, 6, EV 90.0 MPH)
Batting: LHB Chance Stever 0-0: Foul Ball, location: 2F
0-1: Swinging Strike
0-2: Foul Ball, location: 2F
0-2: Foul Ball, location: 2F
0-2: Ball
1-2: Ball
2-2: Strikes out swinging, 2-3 out at first.
Batting: RHB Emiel Schlepers 0-0: Ball
1-0: DOUBLE (Line Drive, 78D, EV 104.4 MPH)
Batting: RHB Jamie Jennings 0-0: Ball
1-0: DOUBLE (Flyball, 8LXD, EV 106.9 MPH)
Emiel Schlepers scores
Batting: RHB Clay Statum 0-0: Foul Ball, location: 2F
0-1: Swinging Strike
0-2: Foul Ball, location: 2F
0-2: Ball
1-2: Ball
2-2: Ball
3-2: Base on Balls
Batting: RHB Josh Lykins 0-0: Called Strike
0-1: Ball
1-1: Called Strike
1-2: Ball
2-2: Foul Ball, location: 2F
2-2: Ball
3-2: Base on Balls
Jamie Jennings to third
Clay Statum to second
Batting: SHB Mike Kirk 0-0: Ball
1-0: Ball
2-0: Swinging Strike
2-1: Foul Ball, location: 2F
2-2: Ball
3-2: Strikes out swinging
Top of the 4th over - 1 run, 2 hits, 0 errors, 3 left on base; Beloit 2 - Lansing 1
BOTTOM OF THE 4TH
Lansing Lugnuts batting - Pitching for Beloit Snappers : RHP Felix Carranza
Batting: RHB Raul de la Cruz 0-0: Ball
1-0: Ball
2-0: Called Strike
2-1: Foul Ball, location: 2F
2-2: Strikes out swinging
Batting: SHB Gregg Whitecotton 0-0: Called Strike
0-1: Ball
1-1: Ball
2-1: Ball
3-1: Base on Balls
Batting: RHB Dylan Phillips 0-0: Swinging Strike
0-1: Ball
1-1: Swinging Strike
1-2: Ball
2-2: Foul Ball, location: 2F
2-2: Foul Ball, location: 2F
2-2: Foul Ball, location: 2F
2-2: Ball
3-2: Strikes out swinging
Batting: RHB Jose Ontiveros 0-0: Ball
1-0: Swinging Strike
1-1: Ball
Gregg Whitecotton steals 2nd base
2-1: SINGLE (Line Drive, 89S, EV 104.4 MPH)
Gregg Whitecotton to third
Runner from 3rd tries for Home, throw by CF and OUT! 8-2
Bottom of the 4th over - 0 runs, 1 hit, 0 errors, 1 left on base; Beloit 2 - Lansing 1
TOP OF THE 5TH
Beloit Snappers batting - Pitching for Lansing Lugnuts : RHP Ron Kehoe
Batting: LHB Jeremy Brammer 0-0: Foul Ball, location: 2F
0-1: Foul Ball, location: 2F
0-2: Strikes out looking
Batting: RHB Don Burt 0-0: Called Strike
0-1: Ball
1-1: Ball
2-1: Foul Ball, location: 2F
2-2: Strikes out swinging
Batting: RHB Shannon Beck 0-0: Foul Ball, location: 2F
0-1: Fly out, F8 (Flyball, 78M, EV 97.5 MPH)
Top of the 5th over - 0 runs, 0 hits, 0 errors, 0 left on base; Beloit 2 - Lansing 1
BOTTOM OF THE 5TH
Lansing Lugnuts batting - Pitching for Beloit Snappers : RHP Felix Carranza
Batting: RHB Dan Muns 0-0: Ball
1-0: SINGLE (Groundball, 56D, EV 98.8 MPH)
Batting: LHB Roger Escareno 0-0: Foul Ball, location: 2F
0-1: Ball
1-1: Ball
Wild Pitch!
Dan Muns to second
2-1: Ground out 4-3 (Groundball, 4M, EV 81.9 MPH)
Dan Muns to third
Pitching: RHP Juan Lucero
Batting: RHB Scott Travis 0-0: Called Strike
0-1: Foul Ball, location: 2F
0-2: Ground out 5-3 (Groundball, 5, EV 83.8 MPH)
Batting: LHB Timo Gomez 0-0: Ball
1-0: Ball
2-0: Called Strike
2-1: SINGLE (Groundball, 4M, EV 110.0 MPH) (infield hit)
Dan Muns scores
Batting: RHB John Michener 0-0: Called Strike
0-1: Fielders Choice at 2nd, 6-4 (Groundball, 6, EV 92.5 MPH)
Bottom of the 5th over - 1 run, 2 hits, 0 errors, 1 left on base; Beloit 2 - Lansing 2
TOP OF THE 6TH
Beloit Snappers batting - Pitching for Lansing Lugnuts : RHP Ron Kehoe
Batting: LHB Chance Stever 0-0: Ball
1-0: SINGLE (Flyball, 89S, EV 92.5 MPH)
Batting: RHB Emiel Schlepers 0-0: Ball
1-0: Called Strike
1-1: SINGLE (Line Drive, 9S, EV 99.4 MPH)
Chance Stever to second
Batting: RHB Jamie Jennings 0-0: Ball
1-0: Ball
2-0: Called Strike
2-1: Foul Ball, location: 2F
2-2: DOUBLE (Groundball, 5L, EV 106.9 MPH)
Chance Stever scores
Emiel Schlepers to third
Batting: RHB Clay Statum 0-0: Called Strike
0-1: Ball
1-1: Foul Ball, location: 2F
1-2: Foul Ball, location: 2F
1-2: Ball
2-2: Foul Ball, location: 2F
2-2: Fly out, F7 (Line Drive, 7, EV 109.4 MPH)
Pitching: LHP Jon Sosa
Batting: RHB Josh Lykins 0-0: Called Strike
0-1: Called Strike
0-2: Strikes out swinging
Batting: SHB Mike Kirk 0-0: Called Strike
0-1: Called Strike
0-2: Ball
1-2: Strikes out swinging
Top of the 6th over - 1 run, 3 hits, 0 errors, 2 left on base; Beloit 3 - Lansing 2
BOTTOM OF THE 6TH
Lansing Lugnuts batting - Pitching for Beloit Snappers : RHP Juan Lucero
Batting: RHB Raul de la Cruz 0-0: Foul Ball, location: 2F
0-1: Ball
1-1: Swinging Strike
1-2: Foul Ball, location: 2F
1-2: Strikes out swinging
Batting: SHB Gregg Whitecotton 0-0: Fly out, F8 (Flyball, 8LD, EV 80.0 MPH)
Batting: RHB Dylan Phillips 0-0: Foul Ball, location: 2F
0-1: Fly out, F9 (Flyball, 9S, EV 93.1 MPH)
Bottom of the 6th over - 0 runs, 0 hits, 0 errors, 0 left on base; Beloit 3 - Lansing 2
TOP OF THE 7TH
Beloit Snappers batting - Pitching for Lansing Lugnuts : LHP Jon Sosa
Batting: LHB Jeremy Brammer 0-0: Foul Ball, location: 2F
0-1: Fly out, F8 (Flyball, 8RM, EV 83.1 MPH)
Batting: RHB Don Burt 0-0: Called Strike
0-1: Ball
1-1: Ball
2-1: Ball
3-1: Swinging Strike
3-2: Foul Ball, location: 2F
3-2: Foul Ball, location: 2F
3-2: Base on Balls
Batting: RHB Shannon Beck 0-0: Called Strike
0-1: Called Strike
0-2: Ball
1-2: Strikes out swinging
Batting: LHB Chance Stever 0-0: Swinging Strike
0-1: Ball
1-1: Called Strike
1-2: Ball
2-2: Strikes out swinging
Top of the 7th over - 0 runs, 0 hits, 0 errors, 1 left on base; Beloit 3 - Lansing 2
BOTTOM OF THE 7TH
Lansing Lugnuts batting - Pitching for Beloit Snappers : RHP Juan Lucero
Batting: RHB Jose Ontiveros 0-0: Ball
1-0: SINGLE (Groundball, 6D, EV 94.4 MPH)
Batting: RHB Dan Muns 0-0: Ball
Jose Ontiveros is caught stealing 2nd base 2-4
1-0: Foul Ball, location: 2F
1-1: Foul Ball, location: 2F
1-2: Ball
2-2: Strikes out swinging
Batting: LHB Roger Escareno 0-0: Ball
1-0: Called Strike
1-1: Ground out 5-3 (Groundball, 5L, EV 99.4 MPH)
Bottom of the 7th over - 0 runs, 1 hit, 0 errors, 0 left on base; Beloit 3 - Lansing 2
TOP OF THE 8TH
Beloit Snappers batting - Pitching for Lansing Lugnuts : LHP Jon Sosa
Batting: RHB Emiel Schlepers 0-0: Swinging Strike
0-1: Foul Ball, location: 2F
0-2: Strikes out looking
Batting: RHB Jamie Jennings 0-0: Called Strike
0-1: Called Strike
0-2: Strikes out swinging
Batting: RHB Clay Statum 0-0: Ball
1-0: Called Strike
1-1: Ground out 4-3 (Groundball, 4M, EV 79.4 MPH)
Top of the 8th over - 0 runs, 0 hits, 0 errors, 0 left on base; Beloit 3 - Lansing 2
BOTTOM OF THE 8TH
Lansing Lugnuts batting - Pitching for Beloit Snappers : RHP Juan Lucero
Batting: RHB Scott Travis 0-0: Called Strike
0-1: Ball
1-1: Fly out, F8 (Flyball, 8RD, EV 106.2 MPH)
Batting: LHB Timo Gomez 0-0: Called Strike
0-1: Foul Ball, location: 2F
0-2: Strikes out looking
Batting: RHB John Michener 0-0: Foul Ball, location: 2F
0-1: Ball
1-1: Ball
2-1: Ball
3-1: SOLO HOME RUN (Flyball, 78XD, EV 106.2 MPH), Distance : 393 ft
Batting: RHB Raul de la Cruz 0-0: Ball
1-0: Foul Ball, location: 2F
1-1: SINGLE (Groundball, 34D, EV 95.0 MPH)
Batting: SHB Gregg Whitecotton 0-0: Called Strike
0-1: Called Strike
0-2: Strikes out looking
Bottom of the 8th over - 1 run, 2 hits, 0 errors, 1 left on base; Beloit 3 - Lansing 3
TOP OF THE 9TH
Beloit Snappers batting - Pitching for Lansing Lugnuts : LHP Jon Sosa
Pitching: LHP Nick Burnstein
Batting: RHB Josh Lykins 0-0: Reached on error, E6 (Groundball, 56, EV 103.1 MPH)
Batting: SHB Mike Kirk 0-0: Bunt missed!
0-1: Bunted foul
0-2: Strikes out swinging
Batting: LHB Jeremy Brammer 0-0: Called Strike
0-1: Foul Ball, location: 2F
0-2: Ball
1-2: Ball
2-2: Strikes out swinging
Batting: RHB Don Burt 0-0: Foul Ball, location: 2F
0-1: Ball
1-1: Foul Ball, location: 2F
1-2: Ball
2-2: Ball
3-2: Ground out 4-3 (Groundball, 34, EV 98.8 MPH)
Top of the 9th over - 0 runs, 0 hits, 1 error, 1 left on base; Beloit 3 - Lansing 3
BOTTOM OF THE 9TH
Lansing Lugnuts batting - Pitching for Beloit Snappers : RHP Juan Lucero
Pitching: LHP Alex Shannon
Batting: RHB Dylan Phillips 0-0: Called Strike
0-1: Ball
1-1: Foul Ball, location: 2F
1-2: Foul Ball, location: 2F
1-2: Foul Ball, location: 2F
1-2: Ball
2-2: Strikes out swinging
Batting: RHB Jose Ontiveros 0-0: Ball
1-0: Called Strike
1-1: Foul Ball, location: 2F
1-2: Ball
2-2: Ball
3-2: SINGLE (Groundball, 6MS, EV 62.5 MPH) (infield hit)
Batting: RHB Dan Muns 0-0: Fly out, F7 (Flyball, 7D, EV 86.2 MPH)
Runner from 1st tags up, SAFE at 2nd
Pinch Hitting: RHB Tristan Dennis 0-0: Ground out 5-3 (Groundball, 5L, EV 106.2 MPH)
Bottom of the 9th over - 0 runs, 1 hit, 0 errors, 1 left on base; Beloit 3 - Lansing 3
TOP OF THE 10TH
Beloit Snappers batting - Pitching for Lansing Lugnuts : LHP Nick Burnstein
Now at 2B: Tristan Dennis
Now at 3B: Dylan Phillips
Batting: RHB Shannon Beck 0-0: Called Strike
0-1: Swinging Strike
0-2: Strikes out looking and he ARGUES THE CALL AND IS TOSSED!
Batting: LHB Chance Stever 0-0: Ball
1-0: Called Strike
1-1: Swinging Strike
1-2: Ball
2-2: Strikes out swinging
Batting: RHB Emiel Schlepers 0-0: Ball
1-0: Ball
2-0: Ball
3-0: Called Strike
3-1: Foul Ball, location: 2F
3-2: Foul Ball, location: 2F
3-2: Base on Balls
Pitching: RHP Scott Lowry
Batting: RHB Jamie Jennings 0-0: Called Strike
0-1: Ball
1-1: Foul Ball, location: 2F
1-2: Ball
2-2: Foul Ball, location: 2F
2-2: Foul Ball, location: 2F
2-2: Foul Ball, location: 2F
2-2: Fly out, F8 (Flyball, 8RD, EV 90.0 MPH)
Top of the 10th over - 0 runs, 0 hits, 0 errors, 1 left on base; Beloit 3 - Lansing 3
BOTTOM OF THE 10TH
Lansing Lugnuts batting - Pitching for Beloit Snappers : LHP Alex Shannon
Pitching: RHP Tony Contreras
Pinch Hitting: LHB Frank Nelson 0-0: Called Strike
0-1: Ball
1-1: Foul Ball, location: 2F
1-2: Foul Ball, location: 2F
1-2: Ground out 4-3 (Groundball, 34, EV 106.2 MPH)
Batting: LHB Timo Gomez 0-0: SINGLE (Line Drive, 9LS, EV 95.0 MPH)
Batting: RHB John Michener 0-0: Ball
Timo Gomez steals 2nd base
1-0: Ball
2-0: Ground out U3 (Groundball, 13, EV 85.6 MPH)
Timo Gomez to third
Batting: RHB Raul de la Cruz 0-0: Ball
1-0: Called Strike
1-1: Called Strike
1-2: Strikes out swinging
Bottom of the 10th over - 0 runs, 1 hit, 0 errors, 1 left on base; Beloit 3 - Lansing 3
TOP OF THE 11TH
Beloit Snappers batting - Pitching for Lansing Lugnuts : RHP Scott Lowry
Now in LF: Timo Gomez
Now in RF: Frank Nelson
Pinch Hitting: SHB Ivan Barry 0-0: Ball
1-0: Ball
2-0: Hit by Pitch
Batting: RHB Josh Lykins 0-0: Foul Ball, location: 2F
0-1: Bunted foul
0-2: SINGLE (Line Drive, 6MD, EV 99.4 MPH)
Ivan Barry to second
Batting: SHB Mike Kirk 0-0: Bunt missed!
0-1: Ball
1-1: Bunt missed!
1-2: Foul Ball, location: 2F
1-2: Ball
2-2: Grounds into double play, 6-4-3 (Groundball, 6D, EV 86.9 MPH)
Ivan Barry to third
Batting: LHB Jeremy Brammer 0-0: Intentional Walk
Batting: RHB Don Burt 0-0: Ball
1-0: Foul Ball, location: 2F
1-1: Ball
2-1: Ground out 4-3 (Groundball, 4, EV 93.1 MPH)
Top of the 11th over - 0 runs, 1 hit, 0 errors, 2 left on base; Beloit 3 - Lansing 3
BOTTOM OF THE 11TH
Lansing Lugnuts batting - Pitching for Beloit Snappers : RHP Tony Contreras
Now at 2B: Ivan Barry
Batting: SHB Gregg Whitecotton 0-0: Called Strike
0-1: Ball
1-1: Ball
2-1: Foul Ball, location: 2F
2-2: Ground out 6-3 (Groundball, 6S, EV 85.0 MPH)
Batting: RHB Dylan Phillips 0-0: Ball
1-0: Ball
2-0: Swinging Strike
2-1: Foul Ball, location: 2F
2-2: Ball
3-2: Strikes out swinging
Batting: RHB Jose Ontiveros 0-0: Ball
1-0: Ball
2-0: Called Strike
2-1: Swinging Strike
2-2: Foul Ball, location: 2F
2-2: Ground out 5-3 (Groundball, 56, EV 103.1 MPH)
Bottom of the 11th over - 0 runs, 0 hits, 0 errors, 0 left on base; Beloit 3 - Lansing 3
TOP OF THE 12TH
Beloit Snappers batting - Pitching for Lansing Lugnuts : RHP Scott Lowry
Batting: RHB Tetsuya Shinoda 0-0: Ground out 3-1 (Groundball, 34, EV 99.4 MPH)
Batting: LHB Chance Stever 0-0: Ball
1-0: Called Strike
1-1: Foul Ball, location: 2F
1-2: Strikes out swinging
Batting: RHB Emiel Schlepers 0-0: Ball
1-0: Swinging Strike
1-1: Ball
2-1: Ground out 5-3 (Groundball, 56, EV 76.9 MPH)
Top of the 12th over - 0 runs, 0 hits, 0 errors, 0 left on base; Beloit 3 - Lansing 3
BOTTOM OF THE 12TH
Lansing Lugnuts batting - Pitching for Beloit Snappers : RHP Tony Contreras
Pitching: LHP Alex Villagran
Batting: RHB Dan Muns 0-0: Ball
1-0: Foul Ball, location: 2F
1-1: Swinging Strike
1-2: Strikes out swinging
Batting: RHB Tristan Dennis 0-0: Ball
1-0: Called Strike
1-1: Ground out 6-3 (Groundball, 6, EV 106.2 MPH)
Pinch Hitting: RHB Luis Gomez 0-0: Called Strike
0-1: Called Strike
0-2: Strikes out swinging
Bottom of the 12th over - 0 runs, 0 hits, 0 errors, 0 left on base; Beloit 3 - Lansing 3
TOP OF THE 13TH
Beloit Snappers batting - Pitching for Lansing Lugnuts : RHP Scott Lowry
Pitching: LHP Mike Oakes
Now in RF: Luis Gomez
Batting: RHB Jamie Jennings 0-0: Ball
1-0: Called Strike
1-1: Ground out 4-3 (Groundball, 4, EV 97.5 MPH)
Batting: SHB Ivan Barry 0-0: Called Strike
0-1: Ball
1-1: Ground out 5-3 (Groundball, 56S, EV 68.1 MPH)
Batting: RHB Josh Lykins 0-0: Ball
1-0: Fly out, F9 (Flyball, 9, EV 90.6 MPH)
Top of the 13th over - 0 runs, 0 hits, 0 errors, 0 left on base; Beloit 3 - Lansing 3
BOTTOM OF THE 13TH
Lansing Lugnuts batting - Pitching for Beloit Snappers : LHP Alex Villagran
Batting: LHB Timo Gomez 0-0: Ball
1-0: Ball
2-0: Ball
3-0: Base on Balls
Batting: RHB John Michener 0-0: Swinging Strike
0-1: DOUBLE (Flyball, 78XD, EV 108.8 MPH)
Timo Gomez to third
Runner from 3rd tries for Home, SAFE, throw by LF to home
Bottom of the 13th over - 1 run, 1 hit, 0 errors, 1 left on base; Beloit 3 - Lansing 4
Tuesday, March 28th , 2023 - OOTP Baseball 23.10 Build 110